 Dungeon Crawl Stone Soup version 0.21.0 (webtiles) character file.

473 Sprouick the Chopper (level 6, -15/46 HPs)
             Began as a Deep Dwarf Gladiator on Jan 7, 2018.
             Was an Initiate of Ru.
             Killed from afar by a jackal zombie (48 damage)
             ... with an exploding inner flame
             ... hexed by the player character
             ... in an ossuary.
             The game lasted 00:33:54 (3896 turns).

Sprouick the Chopper (Deep Dwarf Gladiator)         Turns: 3896, Time: 00:34:01

Health: -15/46     AC:  8    Str: 19    XL:     6   Next: 84%
Magic:  5/5        EV: 20    Int:  8    God:    Ru [......]
Gold:   265        SH:  0    Dex: 20    Spells: 5/5 levels left

rFire    . . .     SeeInvis .   a - +1 war axe
rCold    . . .     Gourm    .   (no shield)
rNeg     . . .     Faith    .   b - +0 leather armour
rPois    .         Spirit   .   c - +1 helmet
rElec    .         Reflect  .   m - +0 cloak
rCorr    .         Harm     .   (no gloves)
MR       .....                  l - +0 pair of boots
Stlth    +++.......             (no amulet)
HPRegen  0.00/turn              (no ring)
MPRegen  0.09/turn              (no ring)

@: agile, non-regenerating
A: damage resistance, heal wounds, frail 1, sense surroundings 1, shaggy fur 1,
no regeneration
a: Heal Wounds, Renounce Religion


You were in an ossuary.
You worshipped Ru.
Ru was noncommittal.
You were not hungry.

You visited 1 branch of the dungeon, and saw 5 of its levels.
You also visited: Ossuary.

You collected 265 gold pieces.

Inventory:

Hand Weapons
 a - a +1 war axe (weapon)
Missiles
 d - 3 throwing nets (quivered)
Armour
 b - a +0 leather armour (worn)
 c - a +1 helmet (worn)
 l - a +0 pair of boots (worn)
 m - a +0 cloak (worn)
Scrolls
 h - a scroll of magic mapping
 k - a scroll of immolation
 o - a scroll of identify
Potions
 g - 2 potions of magic
 i - a potion of curing
 j - a potion of invisibility {unknown}
 n - 2 potions of heal wounds
Comestibles
 f - 7 rations


   Skills:
 - Level 1.7 Fighting
 + Level 6.6 Axes
 - Level 1.7 Throwing
 + Level 2.0 Armour
 * Level 5.3 Dodging
 + Level 2.4 Stealth


You had 5 spell levels left.
You didn't know any spells.

Dungeon Overview and Level Annotations

Branches:
Dungeon (5/15)
 Temple: D:4-7

Altars:
Ru
Yredelemnul


Innate Abilities, Weirdness & Mutations

You are resistant to damage.
You can heal yourself by infusing magical energy.
You passively map a small area around you.
You do not regenerate.
You are frail. (-10% HP)
You are covered in fur. (AC +1)


Message History

There is a sand-covered staircase here.
The world spins around you as you enter the gateway.
You enter an ossuary! 12 zombies come into view.
Found a gate leading back out of this place.
There is an empty arch of ancient stone here.
Unknown command.
As you read the scroll of immolation, it crumbles to dust.
The creatures around you are filled with an inner flame!
You feel agile all of a sudden.
You hit the jackal zombie.
The jackal zombie is moderately damaged.
The jackal zombie closely misses you. The jackal zombie barely misses you.
You slash the jackal zombie!
The jackal zombie explodes!
The fiery explosion engulfs the rat zombie.
The rat zombie is heavily damaged.
The fiery explosion engulfs you!
Ouch! That really hurt!
You die...

............... ,
, , ,
*...............#
*
...............#
,
................
...Z............
,
.....Z...Z......
........ZZ......
** ,
......∩∩§§§..Z..
*
.....ZZ.@§......
, *
........Z§§.....,
,
......Z.........,
,
...............#
,
...............#
.......Z........
,
................
* ....#####......
,


You could see an adder zombie (inner flame), 2 rat zombies, a jackal zombie
(inner flame), 2 hound zombies, a goblin zombie (inner flame), a gnoll zombie
(inner flame), a big kobold zombie (inner flame) and 2 elf zombies.

Vanquished Creatures
  An orc priest (D:4)
  A jelly (D:2)
  Crazy Yiuf (D:2)
  7 orc wizards
  A hound skeleton (D:5)
  4 gnolls
  3 adders
  A shadow imp (D:5)
  An adder skeleton (D:4)
  3 worms
  A dart slug (D:1)
  2 leopard geckos
  9 orcs
  10 bats
  A giant cockroach (D:3)
  8 hobgoblins
  7 jackals (D:2)
  9 kobolds
  3 quokkas
  2 ball pythons (D:1)
  6 frilled lizards
  7 goblins
  A quokka skeleton (D:4)
  6 rats (D:1)
  A spectral orc (D:4)
96 creatures vanquished.

Notes
Turn   | Place    | Note
-------+----------+-------------------------------------------
     0 | D:1      | Sprouick the Deep Dwarf Gladiator began the quest for the Orb.
     0 | D:1      | Reached XP level 1. HP: 19/19 MP: 1/1
   168 | D:1      | Reached XP level 2. HP: 24/26 MP: 2/2
   505 | D:1      | Reached XP level 3. HP: 27/32 MP: 3/3
   519 | D:1      | Reached skill level 4 in Axes
  1405 | D:2      | Reached XP level 4. HP: 4/39 MP: 3/3
  1425 | D:2      | Reached skill level 1 in Armour
  1538 | D:2      | Reached skill level 5 in Axes
  1653 | D:2      | Found a runed door.
  1657 | D:2      | Noticed Crazy Yiuf
  1670 | D:2      | HP: 1/39 [Crazy Yiuf/quarterstaff of chaos (4)]
  1676 | D:2      | Killed Crazy Yiuf
  2047 | D:3      | Reached XP level 5. HP: 16/45 MP: 4/4
  2275 | D:3      | Reached skill level 1 in Stealth
  2972 | D:4      | Gained mutation: You are frail. (-10% HP) [potion of mutation]
  2972 | D:4      | Gained mutation: You are covered in fur. (AC +1) [potion of mutation]
  3235 | D:4      | Found a sacrificial altar of Ru.
  3272 | D:4      | Became a worshipper of Ru the Awakened
  3323 | D:4      | Reached XP level 6. HP: 44/46 MP: 5/5
  3356 | D:4      | Reached skill level 6 in Axes
  3356 | D:4      | Reached skill level 5 in Dodging
  3660 | D:4      | Found a basalt altar of Yredelemnul.
  3717 | D:5      | Entered Level 5 of the Dungeon
  3763 | D:5      | Found a sand-covered staircase.
  3891 | Ossuary  | Entered an ossuary
  3896 | Ossuary  | Killed from afar by a jackal zombie

Skill      XL: |  1  2  3  4  5  6 |
---------------+-------------------+-----
Dodging        | 4 5 |  5.3
Axes           | 4 5 6 |  6.6
Armour         | 1 2 |  2.0
Stealth        | 2 |  2.4
Fighting       | |  1.7
Throwing       | |  1.7

Action                   |  1- 3 |  4- 6 || total
-------------------------+-------+-------++-------
Melee: War axe           |    93 |   207 ||   300
 Abil: Heal Wounds       |     1 |     5 ||     6
  Use: Potion            |     1 |     5 ||     6
       Scroll            |     3 |     7 ||    10
 Stab: Sleeping          |       |     2 ||     2
       Paralysed         |       |     1 ||     1
  Eat: Chunk             |     2 |     6 ||     8
       Ration            |       |     1 ||     1
Armor: Leather armour    |    24 |    67 ||    91
Dodge: Dodged            |    57 |   171 ||   228
